 Dungeon Crawl Stone Soup version 0.30.0-21-gd299b56b3f (webtiles) character file.

Game seed: 5405176870770374466

39 qw the Chopper (level 3, 0/23 HPs)
             Began as a Gargoyle Fighter on June 2, 2023.
             Slain by a goblin
             ... wielding a +0 club
             ... led by Robin
              (5 damage)
             ... on level 2 of the Dungeon.
             The game lasted 00:00:36 (847 turns).

qw the Chopper (Gargoyle Fighter)                    Turns: 847, Time: 00:00:36

Health: 0/23       AC: 15    Str: 21    XL:     3   Next: 47%
Magic:  3/3        EV:  9    Int:  8    God:
Gold:   54         SH:  4    Dex:  9    Spells: 2/2 levels left

rFire   . . .        Y - +1 war axe
rCold   . . .        c - +0 buckler
rNeg    + . .        b - +0 scale mail
rPois   inf          (no helmet)
rElec   +            (no cloak)
rCorr   .            e - +0 pair of gloves
SInv    .            (no boots)
Will    .....        (no amulet) Stlth
                     f - +4 ring of protection
HPRegen 0.23/turn    (no ring)
MPRegen 0.08/turn

%: no passive effects
@: no status effects
A: sickness immunity, AC +3, negative energy resistance 1, electricity
resistance, torment resistance 1, petrification resistance
a: no special abilities


You were on level 2 of the Dungeon.
You visited 1 branch of the dungeon, and saw 2 of its levels.

You collected 54 gold pieces.


Innate Abilities, Weirdness & Mutations

You are immune to sickness and miasma.
Your stone body is resilient. (AC +3)
You are immune to poison.
You resist negative energy. (rN+)
You are resistant to electric shocks. (rElec)
You are resistant to unholy torment.
You are immune to petrification.


   Skills:
 - Level 3.2 Fighting
 + Level 3.4 Axes
 - Level 3.2 Armour
 - Level 3.2 Shields


You had 2 spell levels left.
You didn't know any spells.
Your spell library was empty.

Inventory:

Hand Weapons
 a - a +0 whip
 Y - a +1 war axe (weapon)
Armour
 b - a +0 scale mail (worn)
 c - a +0 buckler (worn)
 e - a +0 pair of gloves (worn)
Jewellery
 f - a +4 ring of protection (left hand)
Scrolls
 i - a scroll of noise {unknown}
Potions
 d - a potion of might
 g - a potion of flight {unknown}
 h - a potion of berserk rage {unknown}
 n - a potion of invisibility {unknown}

Dungeon Overview and Level Annotations

Branches:
Dungeon (2/15)

Altars:

Annotations:
D:2 Robin


Message History

The goblin hits you with a +0 club. Robin hits you but does no damage.
The hobgoblin hits you but does no damage.
The hobgoblin barely misses you.
You hit the goblin but do no damage.
The goblin is moderately wounded.
You closely miss the hobgoblin. x2
An orc wizard comes into view. It is wielding a +0 dagger.
The goblin barely misses you. Robin throws the goblin at you!
The hobgoblin hits you but does no damage. x2
The goblin hits you but does no damage.
You closely miss the goblin.
The goblin is moderately wounded.
You hit the goblin. You closely miss the hobgoblin. You hit the hobgoblin.
The goblin barely misses you. You block Robin's attack.
The hobgoblin barely misses you. The goblin barely misses you.
You block the hobgoblin's attack. The goblin hits you with a +0 club.
The goblin hits you but does no damage. The hobgoblin closely misses you.
Robin hits you but does no damage. The hobgoblin closely misses you.
You closely miss the goblin.
The goblin is moderately wounded.
You completely miss the goblin. You hit the hobgoblin but do no damage.
You closely miss the hobgoblin.
An orc priest comes into view. It is wielding a +0 short sword.
The goblin closely misses you. The hobgoblin closely misses you.
Robin barely misses you. You block the hobgoblin's attack.
The goblin hits you with a +0 dagger.
You barely miss the goblin.
The goblin is moderately wounded.
The orc priest shouts!
You hit the hobgoblin. You closely miss the hobgoblin.
You closely miss the orc. You closely miss the goblin.
The goblin closely misses you. The orc closely misses you.
Robin hits you but does no damage. The hobgoblin barely misses you. x2
The goblin hits you but does no damage.
You closely miss the hobgoblin.
The hobgoblin is almost dead.
You barely miss the goblin. You closely miss the hobgoblin.
You closely miss the orc. You closely miss the goblin.
You block the orc's attack. The goblin hits you with a +0 club.
You die...

. # #........# ... #####
#......!.##... )...#
.#.#>............
.%..##....#..........o..
..........#.............
<...##...##....?.ggo..#
.....#.........oggJ...#
.....##.........@#
.....).........gg#
.#...............#
.#.............### .
.#............######..
.#.................<..
#....................
#....................
......................


You could see Robin, an orc priest, an orc wizard, an orc, an endoplasm, 3
hobgoblins and 2 goblins.

Vanquished Creatures
  A dart slug (D:1)
  2 ball pythons (D:1)
  An endoplasm (D:1)
  5 hobgoblins
  2 quokkas (D:1)
  5 bats
  2 frilled lizards (D:1)
  9 goblins
  4 kobolds
  4 rats
35 creatures vanquished.

Notes
Turn   | Place    | Note
-------+----------+-------------------------------------------
     0 | D:1      | qw the Gargoyle Fighter began the quest for the Orb.
     0 | D:1      | Reached XP level 1. HP: 14/14 MP: 1/1
     0 | D:1      | 0 ||| qw: Version: 0.2-a-102-gdf20003
     0 | D:1      | 0 ||| qw: Game counter: 858
     0 | D:1      | 0 ||| qw: Always use a shield: true
     0 | D:1      | 0 ||| qw: God list: Okawaru
     0 | D:1      | 0 ||| qw: Allow faded altars: false
     0 | D:1      | 0 ||| qw: Do Orc after D:15 true
     0 | D:1      | 0 ||| qw: Do second Lair branch before Depths: true
     0 | D:1      | 0 ||| qw: Lair rune preference: random
     0 | D:1      | 0 ||| qw: Plans: Normal, Zot:1-4, Slime:5, God:TSO, Crypt,
                  | Tomb, Pan, Hells, Abyss, Win
     0 | D:1      | 0 ||| PLANNING D:1-11
   100 | D:1      | Reached XP level 2. HP: 19/19 MP: 2/2
   104 | D:1      | 104 ||| Stepping ~*~*~tactically~*~*~ (stealth).
   106 | D:1      | 106 ||| Stepping ~*~*~tactically~*~*~ (stealth).
   107 | D:1      | 107 ||| Stepping ~*~*~tactically~*~*~ (stealth).
   458 | D:1      | 458 ||| Stepping ~*~*~tactically~*~*~ (hiding).
   459 | D:1      | 459 ||| Stepping ~*~*~tactically~*~*~ (hiding).
   460 | D:1      | 460 ||| Stepping ~*~*~tactically~*~*~ (hiding).
   577 | D:1      | Reached skill level 3 in Axes
   659 | D:1      | Reached XP level 3. HP: 16/23 MP: 3/3
   732 | D:1      | 732 ||| UPGRADING to +0 pair of gloves.
   737 | D:1      | 737 ||| UPGRADING to +4 ring of protection.
   738 | D:1      | 738 ||| DROPPING ring of wizardry.
   739 | D:1      | 739 ||| READING scroll labelled YXI DIGUOPNEU.
   740 | D:1      | 740 ||| READING scroll labelled QIRCHI TAGOJ.
   741 | D:1      | 741 ||| READING scroll labelled ZUXZEC ICUURR.
   742 | D:1      | 742 ||| READING scroll labelled DOGIHUCEME.
   743 | D:1      | 743 ||| READING scroll labelled CEPNOE BIMI.
   789 | D:2      | 789 ||| DROPPING +0 club.
   829 | D:2      | Noticed Robin
   830 | D:2      | 830 ||| Stepping ~*~*~tactically~*~*~ (stealth).
   832 | D:2      | 832 ||| Stepping ~*~*~tactically~*~*~ (hiding).
   845 | D:2      | HP: 4/23 [goblin/+0 dagger[Robin] (5)]
   847 | D:2      | Slain by a goblin

Levels and vault maps discovered:
D:1:      denvon_arrival_waterhouse, layout_basic, minmay_unequal
D:2:      layout_basic, uniq_robin

Skill      XL: |  1  2 |
---------------+-------+-----
Axes           | 2 3 |  3.4
Fighting       | |  3.2
Armour         | |  3.2
Shields        | |  3.2

Action                     || total
---------------------------++-------
  Melee: War axe           ||    89
    Use: Scroll            ||     5
 Armour: Scale mail        ||    65
  Dodge: Dodged            ||    60
  Block: Buckler           ||    20

Table legend:
 A = Non-vault XP
 B = Vault XP
 C = Vault XP percentage of total XP
 D = Non-vault monster count
 E = Vault monster count
 F = Vault count percentage of total count
                 A         B        C        D         E       F
            +---------+---------+-------+---------+---------+-------
      Total |      39 |      18 |  31.6 |      25 |      10 |  28.6
            +---------+---------+-------+---------+---------+-------
        D:1 |      30 |       4 |  11.8 |      18 |       3 |  14.3
        D:2 |       9 |      14 |  60.9 |       7 |       7 |  50.0
            +---------+---------+-------+---------+---------+-------
